 Dungeon Crawl Stone Soup version 0.28-a0-511-gcc94558de3 (webtiles) character file.

Game seed: 16920482896502351928

20445 frimble the Tainter (level 12, -5/91 HPs)
             Began as a Demonspawn Venom Mage on Sept 22, 2021.
             Was an Elder of Cheibriados.
             Slain by a sun demon (16 damage)
             ... on level 2 of the Abyss.
             The game lasted 00:19:08 (13877 turns).

frimble the Tainter (Demonspawn Venom Mage)        Turns: 13877, Time: 00:19:08

Health: -5/91      AC: 11    Str: 19    XL:     12   Next: 45%
Magic:  19/19      EV: 15    Int: 37    God:    Cheibriados [****..]
Gold:   1836       SH:  4    Dex: 24    Spells: 7/21 levels left

rFire   . . .      SeeInvis .   x - +5 quick blade
rCold   . . .      Faith    .   (no shield)
rNeg    . . .      Spirit   .   b - +1 troll leather armour {Purgy}
rPois   +          Reflect  .   K - +2 hat
rElec   .          Harm     .   t - +1 cloak
rCorr   .          Rampage  .   (no gloves)
Will    .....                   j - +0 pair of boots
Stlth   ++++......              a - amulet of regeneration
HPRegen 2.25/turn               s - +6 ring of intelligence
MPRegen 0.16/turn               E - ring of poison resistance

@: very slow
A: hooves 2, large bone plates 1, powered by death 1, demonic magic 3
a: Renounce Religion, Bend Time, Temporal Distortion, Slouch


You were on level 2 of the Abyss.
You worshipped Cheibriados.
Cheibriados was greatly pleased with you.
You visited 2 branches of the dungeon, and saw 14 of its levels.
You visited the Abyss 1 time.
You also visited: Sewer and Bailey.

You collected 2268 gold pieces.
You spent 432 gold pieces at shops.

Inventory:

Hand Weapons
 m - a +2 short sword of venom
 x - a +5 quick blade (weapon)
Missiles
 h - 5 javelins
 o - 7 curare-tipped darts
 q - 9 throwing nets
 D - 2 silver javelins
Armour
 b - a +1 troll leather armour (worn) {Purgy}
 j - a +0 pair of boots (worn)
 t - a +1 cloak (worn)
 K - a +2 hat (worn)
Jewellery
 a - an amulet of regeneration (around neck)
 s - a +6 ring of intelligence (left hand)
 w - the ring "Cudiofimu" {rF+ Str+2}
   (You found it in a bailey)

   [ring of protection from fire]

   Str:       It affects your strength (+2).
   rF:        It protects you from fire.
 E - a ring of poison resistance (right hand)
Wands
 l - a wand of flame (14)
 p - a wand of paralysis (4)
 A - a wand of mindburst (10)
 B - a wand of polymorph (7)
 F - a wand of iceblast (8)
Scrolls
 f - 6 scrolls of teleportation
 n - a scroll of fear
 u - 7 scrolls of identify
 y - a scroll of noise
 z - a scroll of amnesia
 G - a scroll of fog
 J - a scroll of enchant armour
Potions
 c - 4 potions of haste
 d - 2 potions of heal wounds
 e - 2 potions of berserk rage
 g - a potion of magic
 i - 8 potions of curing
 k - 2 potions of attraction
 r - a potion of brilliance
 C - a potion of ambrosia
 H - a potion of mutation
 I - a potion of flight


   Skills:
 + Level 7.0 Fighting
 - Level 8.0 Short Blades
 - Level 6.0 Throwing
 - Level 4.0 Armour
 + Level 5.0 Dodging
 + Level 6.9 Stealth
 - Level 5.0 Spellcasting
 - Level 4.0 Transmutations
 - Level 4.0 Fire Magic
 - Level 9.0 Poison Magic
 + Level 5.1 Invocations
 - Level 5.0 Evocations


You had 7 spell levels left.
You knew the following spells:

 Your Spells              Type           Power      Damage    Failure   Level
a - Sting                 Tmut/Pois      100%       1d8       1%          1
b - Olgreb's Toxic Radia  Pois           66%        N/A       1%          4
c - Ignite Poison         Fire/Tmut/Pois 50%        N/A       1%          3
d - Statue Form           Tmut/Erth      16%        N/A       95%         6

Your spell library contained the following spells:

 Spells                   Type           Power      Damage    Failure   Level
 Poisonous Vapours        Pois/Air       84%        N/A       1%          2
 Mephitic Cloud           Conj/Pois/Air  31%        N/A       3%          3
 Magic Dart               Conj           36%        1d4       4%          1
 Conjure Flame            Conj/Fire      24%        6-21      5%          3
 Call Imp                 Summ           9%         N/A       6%          2
 Sublimation of Blood     Necr           4%         N/A       6%          2
 Portal Projectile        Hex/Tloc       18%        N/A       12%         3
 Petrify                  Tmut/Erth      24%        N/A       19%         4
 Sticky Flame             Conj/Fire      24%        2d5       19%         4
 Blade Hands              Tmut           19%        N/A       22%         5
 Irradiate                Conj/Tmut      12%        3d18      45%         5
 Excruciating Wounds      Necr           4%         N/A       75%         5
 Metabolic Englaciation   Hex/Ice        4%         N/A       75%         5


Dungeon Overview and Level Annotations

Branches:
Dungeon (13/15)            Temple (1/1) D:7            Lair (0/6) D:8
    Orc (0/2) D:12          Sewer (visited)          Bailey (visited)
 Vaults: D:13-14

Altars:
Ashenzari
Cheibriados
Dithmenos
Elyvilon
Fedhas
Gozag
Hepliaklqana
Kikubaaqudgha
Makhleb
Nemelex Xobeh
Okawaru
Qazlal
Ru
Sif Muna
Trog
Uskayaw
Vehumet
Wu Jian
Xom
Yredelemnul
Zin
The Shining One

Shops:
D:7 :

Annotations:
D:5 2 transporters, AttackTheMoon's ghost, novice OpBe
D:12 1 exclusion


Innate Abilities, Weirdness & Mutations

You have hoof-like feet.
You are partially covered in large bone plates. (SH +4)
You regenerate a little health from kills.
Spells you cast and wands you use may paralyse nearby enemies.


Message History

The sun demon is moderately wounded.
Malevolent energies surge around you. The sun demon hits you.
You are engulfed in flames!!
* * * LOW HITPOINT WARNING * * *
The small abomination hits you but does no damage.
The sun demon hits you but does no damage.
Okay, then.
Unknown command.
Okay, then.
Unknown command.
Blink to where?
Press: ? - help, Dir - move target, p - sun demon
As you read the scroll of blinking, it crumbles to dust.
You are confused.
You feel invigorated.
Unknown command.
The small abomination hits you!
The small abomination barely misses you.
The small abomination barely misses you.
The small abomination misses you.
You feel better.
You feel less invigorated. The sun demon hits you.
You are engulfed in flames!
The small abomination hits you!
Casting: Sting (safe; 1% risk of failure)
Confirm with . or Enter, or press ? or * to list all spells.
Okay, then.
Unknown command.
Aiming: Iceblast
Press: ? - help, Shift-Dir - straight line The mass of ice explodes!
The iceblast engulfs the sun demon!
The sun demon is frozen!
The sun demon is almost dead.
Malevolent energies surge around you.
The small abomination barely misses you.
The sun demon hits you!
* * * LOW HITPOINT WARNING * * *
You are engulfed in flames!
* * * LOW HITPOINT WARNING * * *
The small abomination closely misses you.
The sun demon hits you!
You die...

#. ###.# ## .. ... .
.#..#... #.# ###......
##. # ##......... #...#
........ .. #...#.....
. .. #.#.##...###... ..
#.#.....#.... # #
.#.3@....... ..
#.#..x.......
#.###.#####............
. .........####..#####
...##.####### ##... #
.### . #. ##


You could see a sun demon (very poisoned) and a small abomination.

Vanquished Creatures
  6 two-headed ogres
  A tengu warrior (D:11)
  Pikel (D:7)
  A deep elf pyromancer (D:12)
  A cyclops (D:12)
  2 manticores
  2 gargoyles
  3 unseen horrors
  A queen bee (D:10)
  3 meliai (D:12)
  A hornet (D:5)
  3 shadows
  A wraith (D:12)
  A wyvern (D:8)
  4 steam dragons
  3 yaks (D:9)
  A basilisk (D:11)
  A warg (D:12)
  16 vampire mosquitoes
  Edmund (D:5)
  An acid dragon (D:12)
  5 water moccasins
  Purgy (D:3)
  A black bear (shapeshifter) (D:13)
  A sky beast (D:6)
  8 orc warriors
  3 black bears (D:8)
  A centaur (D:9)
  3 ogres
  3 kobold brigands
  4 lemures (D:7)
  9 bullfrogs
  10 gnoll sergeants
  4 scorpions
  2 wyvern skeletons (D:7)
  23 killer bees
  4 wights (D:6)
  A howler monkey (D:10)
  5 centaur zombies
  A jelly (D:4)
  Crazy Yiuf (D:5)
  4 orc priests
  6 gnoll shamans (Bailey)
  3 hounds
  2 centaur skeletons
  2 iguanas
  11 orc wizards
  A hound skeleton (D:4)
  2 howler monkey zombies
  Robin (D:3)
  27 gnolls
  10 adders
  A shadow imp (D:8)
  A white imp (D:8)
  An adder skeleton (D:4)
  2 dart slugs (D:1)
  14 orcs
  11 ball pythons
  9 endoplasms
  5 giant cockroaches
  14 goblins (D:3)
  6 hobgoblins
  4 jackals (D:2)
  20 kobolds
  2 quokkas
  7 frilled lizards
  2 rats
312 creatures vanquished.

Vanquished Creatures (others)
  12 fungi
  7 plants
19 creatures vanquished.

Grand Total: 331 creatures vanquished

Notes
Turn   | Place    | Note
-------+----------+-------------------------------------------
     0 | D:1      | frimble the Demonspawn Venom Mage began the quest for the
                  | Orb.
     0 | D:1      | Reached XP level 1. HP: 13/13 MP: 3/3
   266 | D:1      | Gained mutation: You have large cloven feet. [demonic
                  | ancestry]
   266 | D:1      | Reached XP level 2. HP: 14/19 MP: 0/5
   604 | D:1      | You fall into a shaft and drop 1 floor!
  1346 | D:2      | Reached skill level 4 in Poison Magic
  1909 | D:1      | Gained mutation: Spells you cast may paralyse adjacent
                  | enemies. [demonic ancestry]
  1909 | D:1      | Reached XP level 3. HP: 24/24 MP: 6/6
  2188 | D:2      | Gained mutation: You are partially covered in large bone
                  | plates. (SH +4) [demonic ancestry]
  2188 | D:2      | Reached XP level 4. HP: 24/30 MP: 3/7
  2702 | D:3      | Noticed Robin
  2709 | D:3      | Reached skill level 5 in Poison Magic
  2898 | D:3      | Learned a level 4 spell: Olgreb's Toxic Radiance
  3189 | D:3      | Noticed Purgy
  3214 | D:3      | Killed Purgy
  3215 | D:3      | Reached skill level 6 in Poison Magic
  3215 | D:3      | Reached XP level 5. HP: 12/35 MP: 3/8
  3629 | D:3      | Killed Robin
  4223 | D:4      | Found a hazy altar of Hepliaklqana.
  4253 | D:4      | Reached XP level 6. HP: 41/41 MP: 9/9
  4387 | D:4      | Reached skill level 1 in Armour
  4456 | D:4      | Reached skill level 1 in Short Blades
  4673 | D:4      | Learned a level 3 spell: Ignite Poison
  4800 | D:4      | Reached skill level 1 in Transmutations
  4836 | D:4      | Found a snail-covered altar of Cheibriados.
  4961 | D:5      | Entered Level 5 of the Dungeon
  5047 | D:5      | Noticed a water moccasin
  5060 | D:5      | Killed a water moccasin
  5061 | D:5      | Gained mutation: Spells you cast may paralyse nearby
                  | enemies. [demonic ancestry]
  5061 | D:5      | Reached XP level 7. HP: 27/46 MP: 9/11
  5132 | D:5      | Noticed AttackTheMoon's ghost (novice OpBe)
  5133 | D:5      | Found a transporter.
  5137 | D:5      | Found a transporter.
  5194 | D:5      | Reached skill level 1 in Fire Magic
  5269 | D:5      | Reached skill level 7 in Poison Magic
  5514 | D:5      | Noticed Edmund
  5522 | D:5      | Killed Edmund
  5621 | D:5      | Reached XP level 8. HP: 52/52 MP: 13/13
  5622 | D:5      | Noticed a hornet
  5627 | D:5      | Killed a hornet
  5932 | D:5      | Found a runed translucent door.
  5933 | D:5      | Noticed Crazy Yiuf
  5940 | D:5      | Killed Crazy Yiuf
  6004 | D:6      | Found a glowing drain.
  6032 | Sewer    | Entered a sewer
  6373 | D:6      | Identified 2 scrolls of acquirement
  6373 | D:6      | Acquired a +5 quick blade
  6513 | D:6      | Gained mutation: You regenerate a little health from kills.
                  | [demonic ancestry]
  6513 | D:6      | Reached XP level 9. HP: 47/57 MP: 11/15
  6757 | D:6      | Acquired 1243 gold pieces
  6779 | D:7      | Found a flagged portal.
  6789 | Bailey   | Entered a bailey
  6857 | Bailey   | Reached skill level 8 in Poison Magic
  7035 | Bailey   | Reached skill level 5 in Short Blades
  7282 | Bailey   | Identified the ring "Cudiofimu" {rF+ Str+2}
  7484 | D:7      | Noticed Pikel
  7489 | D:7      | Killed Pikel
  7649 | D:7      | Found Myegait's Book Shop.
  7666 | D:7      | Bought a book of Sloth for 432 gold pieces
  7673 | D:7      | Learned a level 6 spell: Statue Form
  7686 | D:7      | Found a staircase to the Ecumenical Temple.
  7773 | D:7      | Found a hide-covered altar of Uskayaw.
  8071 | D:7      | Reached skill level 9 in Poison Magic
  8075 | D:7      | Gained mutation: Spells you cast and wands you use may
                  | paralyse nearby enemies. [demonic ancestry]
  8075 | D:7      | Reached XP level 10. HP: 63/63 MP: 7/16
  8329 | Temple   | Entered the Ecumenical Temple
  8685 | D:4      | Became a worshipper of Cheibriados the Contemplative
  8941 | D:8      | Reached * piety under Cheibriados
  9022 | D:8      | Reached skill level 1 in Invocations
  9029 | D:8      | Paralysed by an orc priest for 7 turns
  9040 | D:8      | Reached skill level 1 in Fighting
  9040 | D:8      | Reached skill level 1 in Evocations
  9050 | D:8      | Noticed a two-headed ogre
  9072 | D:8      | Killed a two-headed ogre
  9086 | D:8      | Noticed a two-headed ogre
  9096 | D:8      | Noticed a gargoyle
  9097 | D:8      | Killed a two-headed ogre
  9109 | D:8      | Killed a gargoyle
  9384 | D:8      | Noticed a two-headed ogre
  9390 | D:8      | Killed a two-headed ogre
  9391 | D:8      | Reached skill level 5 in Spellcasting
  9391 | D:8      | Gained mutation: You have hoof-like feet. [demonic
                  | ancestry]
  9391 | D:8      | Reached XP level 11. HP: 50/75 MP: 8/18
  9520 | D:8      | Found a staircase to the Lair.
  9637 | D:8      | Reached ** piety under Cheibriados
 10395 | D:10     | Entered Level 10 of the Dungeon
 10402 | D:10     | Noticed a two-headed ogre
 10413 | D:10     | Killed a two-headed ogre
 10423 | D:10     | Reached skill level 5 in Invocations
 10838 | D:10     | Reached *** piety under Cheibriados
 11596 | D:11     | Reached skill level 5 in Stealth
 11602 | D:11     | Reached skill level 5 in Dodging
 11728 | D:11     | Reached skill level 5 in Fighting
 11728 | D:11     | Reached skill level 5 in Evocations
 11728 | D:11     | Reached skill level 1 in Throwing
 12025 | D:11     | Noticed a tengu warrior
 12065 | D:11     | Killed a tengu warrior
 12066 | D:11     | Reached skill level 5 in Throwing
 12211 | D:11     | Reached XP level 12. HP: 82/86 MP: 14/19
 12491 | D:12     | Reached **** piety under Cheibriados
 12563 | D:12     | Found a shadowy altar of Dithmenos.
 12711 | D:12     | Found a staircase to the Orcish Mines.
 13798 | D:13     | Cast into level 2 of the Abyss (a wizard)
 13836 | Abyss:2  | Noticed an Executioner
 13877 | Abyss:2  | Slain by a sun demon

Illustrated notes

Levels and vault maps discovered:
D:1:      dpeg_arrival_more_subterranean_lakeside_camping, layout_loops_ring,
          st_stairs_4
D:2:      layout_loops_corners
D:3:      layout_loops_ring, lexackson_kobold_supper, uniq_robin, uniq_purgy
D:4:      layout_loops_cross, nicolae_hepliaklqana_hazy_memory,
          mainiacjoe_overflow_divided_tiny
D:5:      layout_loops_cross, gammafunk_ghost_hive, minmay_misc_feat_cross,
          uniq_edmund, uniq_crazy_yiuf_cottage
D:6:      layout_rooms, gup_sewer_entry_glass
D:7:      layout_basic, nicolae_uskayaw_dance_hall,
          minmay_temple_entry_statues_pillars, serial_shops,
          nicolae_shop_crystal, enter_bailey_2, serial_bayou_pond_a,
          abandoned_shop, corexii_hall_statues_s, uniq_pikel
D:8:      cheibrodos_fzero, layout_basic, grunt_lair_entry_orc_guard_hut
D:9:      layout_small_grid
D:10:     layout_basic, nicolae_looking_at_the_future
D:11:     layout_roguey
D:12:     layout_basic, david_orc_3, grunt_dithmenos_shadows
D:13:     layout_basic, erik_vaults_2, bh_circular_ruins
Temple:   dpeg_five_rooms_temple
Abyss:2:  base: D:4, evilmike_abyss_exit_15, hangedman_decor_points

Skill      XL: |  1  2  3  4  5  6  7  8  9 10 11 12 |
---------------+-------------------------------------+-----
Poison Magic   | 4 6 7 9 |  9.0
Armour         | 2 3 4 |  4.0
Short Blades   | 1 2 3 7 8 |  8.0
Transmutations | 1 2 3 4 |  4.0
Spellcasting   | 3 4 5 |  5.0
Fire Magic     | 1 3 4 |  4.0
Stealth        | 3 5 6 |  6.9
Dodging        | 3 5 |  5.0
Invocations    | 4 5 |  5.1
Fighting       | 3 5 7 |  7.0
Evocations     | 3 5 |  5.0
Throwing       | 5 6 |  6.0

Action                   |  1- 3 |  4- 6 |  7- 9 | 10-12 || total
-------------------------+-------+-------+-------+-------++-------
Melee: Unarmed           |    11 |       |       |       ||    11
       Short sword       |    44 |   213 |    90 |       ||   347
       Quick blade       |       |       |   101 |   590 ||   691
 Cast: Sting             |    29 |    34 |    24 |    23 ||   110
       Olgreb's Toxic Ra |       |     2 |    19 |    37 ||    58
       Ignite Poison     |       |       |    12 |    20 ||    32
Evoke: Wand              |       |       |       |     1 ||     1
  Use: Scroll            |     4 |     6 |    10 |     7 ||    27
       Potion            |       |       |       |     2 ||     2
 Stab: Sleeping          |     4 |       |     1 |     4 ||     9
       Paralysed         |       |    18 |    18 |    27 ||    63
Armor: Robe              |    17 |     9 |       |       ||    26
       Troll leather arm |       |    55 |    41 |   119 ||   215
Dodge: Dodged            |    45 |   115 |    74 |   209 ||   443
Block: Other             |       |    39 |    23 |    55 ||   117

Table legend: (Time is in decaauts)
 A = Elapsed time spent in this place.
 B = Non-inter-level travel time spent in this place.
 C = Inter-level travel time spent in this place.
 D = Time resting spent in this place.
 E = Time spent auto-exploring this place.
 F = Levels seen in this place.
 G = Mean time per level.
                   A        B        C        D        E       F      G
               +--------+--------+--------+--------+--------+-----+--------+
         Total |  15429 |  14655 |    774 |      0 |  12326 |  17 |  907.6 |
       Dungeon |  14118 |  13394 |    724 |      0 |  11422 |  13 | 1086.0 |
        Temple |    260 |    211 |     49 |      0 |    201 |   1 |  260.0 |
         Abyss |    130 |    130 |      0 |      0 |      0 |   1 |  130.0 |
         Sewer |    268 |    268 |      0 |      0 |    164 |   1 |  268.0 |
        Bailey |    650 |    650 |      0 |      0 |    538 |   1 |  650.0 |
               +--------+--------+--------+--------+--------+-----+--------+

Top non-repeatable levels by time:
     D:2: 1968 daAuts
    D:12: 1630 daAuts
    D:10: 1595 daAuts
     D:3: 1148 daAuts
     D:1: 1102 daAuts
    D:11: 1098 daAuts
     D:5: 1058 daAuts
     D:8: 1045 daAuts
     D:7: 913 daAuts
     D:9: 889 daAuts
     D:4: 851 daAuts
  Bailey: 650 daAuts
     D:6: 566 daAuts
   Sewer: 268 daAuts
  Temple: 260 daAuts
